 Dungeon Crawl Stone Soup version 0.31-a0-331-geda263fcf1 (webtiles) character file.

Game seed: 686176399449857418

1054 javelincjr the Trooper (level 8, -1/65 HPs)
             Began as a Demonspawn Fighter on July 19, 2023.
             Succumbed to a gnoll sergeant's poison
             ... on level 5 of the Dungeon.
             The game lasted 00:16:49 (5105 turns).

javelincjr the Trooper (Demonspawn Fighter)         Turns: 5105, Time: 00:16:49

Health: -1/65      AC: 15    Str: 18 (20) XL:     8   Next: 5%
Magic:  8/8        EV:  8    Int:  9      God:
Gold:   260        SH:  9    Dex: 12      Spells: 7/7 levels left

rFire   . . .        m - +1 spear (venom)
rCold   . . .        c - +0 buckler
rNeg    . . .        l - +0 chain mail
rPois   .            (helmet restricted)
rElec   .            (no cloak)
rCorr   .            h - +0 pair of gloves
SInv    +            (no boots)
Will    .....        (no amulet) Stlth
                     q - ring of see invisible
HPRegen 0.30/turn    (no ring)
MPRegen 0.22/turn

%: no passive effects
@: lethally poisoned (-1 -> -13)
A: horns 1, rugged brown scales 1, icemail 1, magic regeneration, condensation
shield
a: no special abilities


You were on level 5 of the Dungeon.
You visited 1 branch of the dungeon, and saw 5 of its levels.
You also visited: Sewer.

You collected 260 gold pieces.

Inventory:

Hand Weapons
 a - a +0 trident
 m - a +1 spear of venom (weapon)
Missiles
 g - 58 stones
 s - 3 silver javelins
Armour
 b - a +0 scale mail
 c - a +0 buckler (worn)
 h - a +0 pair of gloves (worn)
 l - a +0 chain mail (worn)
 p - a +0 helmet
Jewellery
 q - a ring of see invisible (left hand)
Wands
 v - a wand of paralysis (4)
Scrolls
 e - 2 scrolls of enchant armour {unknown}
 f - 2 scrolls of noise {unknown}
 i - 2 scrolls of immolation {unknown}
 j - 2 scrolls of fear {unknown}
 k - 2 scrolls of teleportation {unknown}
 u - 3 scrolls of identify {unknown}
 w - a scroll of brand weapon {unknown}
 x - a scroll of summoning {unknown}
 y - a scroll of acquirement {unknown}
Potions
 d - 3 potions of might
 o - a potion of attraction {unknown}
 r - a potion of invisibility
 t - a potion of haste {unknown}
 z - 2 potions of magic {unknown}


   Skills:
 * Level 6.0 Fighting
 + Level 4.1 Polearms
 + Level 4.6 Armour
 + Level 2.4 Dodging
 + Level 4.5 Shields


You had 7 spell levels left.
You didn't know any spells.
Your spell library contained the following spells:

 Spells                   Type           Power      Damage    Failure   Level
 Necrotise                Necr           0%         1d4       99%         1
 Ensorcelled Hibernation  Hex/Ice        0%         N/A       100%        2
 Passwall                 Tmut/Erth      0%         N/A       100%        2
 Swiftness                Air            0%         N/A       100%        3
 Vampiric Draining        Necr           0%         2d6       100%        3
 Anguish                  Hex/Necr       0%         N/A       100%        4
 Agony                    Necr           0%         N/A       100%        5


Dungeon Overview and Level Annotations

Branches:
Dungeon (5/15)              Sewer (visited)
 Temple: D:4-7

Altars:

Annotations:
D:3 1 runed translucent door, NinjaNoafa's ghost, amateur TrSh


Innate Abilities, Weirdness & Mutations

You have a pair of small horns on your head.
You are partially covered in rugged brown scales. (AC +1, +3% HP)
A meltable icy envelope protects you from harm. (AC +4)
You regenerate magic rapidly.
A meltable shield of frost defends you. (SH +4)


Message History

You feel very sick.
The gnoll sergeant hits you with a +1 spear of venom.
* * * LOW HITPOINT WARNING * * *
You are more poisoned.
You feel better. The gnoll sergeant barely misses you.
You hit the gnoll sergeant but do no damage.
The gnoll sergeant looks as sick as possible!
The gnoll sergeant is moderately wounded.
You closely miss the gnoll sergeant.
The gnoll sergeant is moderately wounded.
The gnoll sergeant hits you with a +1 spear of venom.
* * * LOW HITPOINT WARNING * * *
You are poisoned.
You closely miss the gnoll sergeant.
Your headbutt misses the gnoll sergeant.
The gnoll sergeant is moderately wounded.
You feel sick. You block the gnoll sergeant's attack.
You barely miss the gnoll sergeant.
The gnoll sergeant is heavily wounded.
You feel sick.
The gnoll sergeant hits you but does no damage.
You hit the gnoll sergeant but do no damage.
The gnoll sergeant looks as sick as possible!
The gnoll sergeant is heavily wounded.
You feel sick. You block the gnoll sergeant's attack.
You closely miss the gnoll sergeant. You headbutt the gnoll sergeant.
The gnoll sergeant is severely wounded.
You feel sick.
The gnoll sergeant hits you with a +1 spear of venom.
* * * LOW HITPOINT WARNING * * *
You are lethally poisoned!
You hit the gnoll sergeant.
The gnoll sergeant looks as sick as possible!
You headbutt the gnoll sergeant.
The gnoll sergeant is almost dead.
* * * LOW HITPOINT WARNING * * *
You feel very sick. You block the gnoll sergeant's attack.
It was a potion of cancellation.
You feel magically purged.
You die...

##.####
#..###.........#.
......## ...
#.....#...##
##.##..#.. ##
#.#########
#.......# ##.#
##.....### #.[#
...###.# #.## ####
#.## #.# # #..#
#.# ### #...#####
#@#
..####.#......##g#
#....#.# #....#
####...######...##
##)............
##..###....##.#
#######.#...##..
... ....###...##
#.. ##.
###..##..### #.# #


You could see a gnoll sergeant (extremely poisoned).

Vanquished Creatures
  A water moccasin (Sewer)
  A black bear (D:5)
  2 centaurs (D:5)
  2 scorpions
  2 hounds
  An orc priest (D:3)
  A gnoll bouda (D:5)
  A sleepcap (D:4)
  Natasha (twice) (D:2)
  2 iguanas
  An orc wizard (D:3)
  8 gnolls
  8 adders
  2 river rats (D:4)
  2 ufetubi
  4 worms
  A dart slug (D:4)
  14 orcs
  4 ball pythons
  5 bats
  3 endoplasms
  9 giant cockroaches
  7 hobgoblins
  7 jackals
  8 kobolds
  5 quokkas
  2 frilled lizards
  6 goblins
  6 rats
117 creatures vanquished.

Notes
Turn   | Place    | Note
-------+----------+-------------------------------------------
     0 | D:1      | javelincjr the Demonspawn Fighter began the quest for the
                  | Orb.
     0 | D:1      | Reached XP level 1. HP: 18/18 MP: 1/1
   127 | D:1      | Gained mutation: A meltable shield of frost defends you.
                  | (SH +4) [demonic ancestry]
   127 | D:1      | Reached XP level 2. HP: 19/24 MP: 2/2
  1058 | D:2      | Noticed Natasha
  1062 | D:2      | Killed Natasha
  1063 | D:2      | Gained mutation: You are partially covered in rugged brown
                  | scales. (AC +1, +3% HP) [demonic ancestry]
  1063 | D:2      | Reached XP level 3. HP: 16/29 MP: 3/3
  1262 | D:2      | Reached XP level 4. HP: 36/36 MP: 4/4
  1747 | D:2      | Noticed Natasha
  1760 | D:2      | Killed Natasha
  2031 | D:2      | Found a faded altar of an unknown god.
  2748 | D:3      | Gained mutation: You regenerate magic rapidly. [demonic
                  | ancestry]
  2748 | D:3      | Reached XP level 5. HP: 43/43 MP: 5/5
  2753 | D:3      | Reached skill level 4 in Fighting
  3035 | D:3      | Found a runed translucent door.
  3035 | D:3      | Noticed NinjaNoafa's ghost (amateur TrSh)
  3191 | D:4      | Gained mutation: You have a pair of small horns on your
                  | head. [demonic ancestry]
  3191 | D:4      | Reached XP level 6. HP: 49/49 MP: 6/6
  3494 | D:4      | Found a glowing drain.
  3507 | Sewer    | Entered a sewer
  3567 | Sewer    | Noticed a water moccasin
  3583 | Sewer    | Killed a water moccasin
  3584 | Sewer    | Reached skill level 1 in Dodging
  4216 | D:5      | Entered Level 5 of the Dungeon
  4234 | D:4      | Reached skill level 5 in Fighting
  4234 | D:4      | Gained mutation: A meltable icy envelope protects you from
                  | harm. (AC +4) [demonic ancestry]
  4234 | D:4      | Reached XP level 7. HP: 7/57 MP: 7/7
  4238 | D:4      | HP: 2/57 [poisoned by a gnoll sergeant]
  5057 | D:5      | Reached XP level 8. HP: 65/65 MP: 8/8
  5065 | D:5      | Reached skill level 6 in Fighting
  5104 | D:5      | HP: 1/65 [poisoned by a gnoll sergeant]
  5105 | D:5      | Succumbed to a gnoll sergeant's poison

Illustrated notes

Levels and vault maps discovered:
D:1:      roderic_dead_forest, layout_loops_ring, chequers_jeans,
          minmay_statues_item, minmay_worlds_worst_comb
D:2:      layout_rooms, hellmonk_ecumenical_altar_prayer_group, serial_forest,
          infiniplex_forest_end_double, infiniplex_forest_lined_1,
          infiniplex_forest_split, infiniplex_forest_clump_curved,
          infiniplex_forest_lined_ring, infiniplex_forest_straight_4,
          infiniplex_forest_straight_3, uniq_natasha
D:3:      layout_basic, gammafunk_ghost_grave
D:4:      layout_basic, lightli_sewer_entry_pipes
D:5:      layout_rooms, gammafunk_temple_overflow_wave

Skill      XL: |  1  2  3  4  5  6  7  8 |
---------------+-------------------------+-----
Polearms       | 2 3 4 |  4.1
Armour         | 3 4 |  4.6
Shields        | 3 4 |  4.5
Fighting       | 4 5 6 |  6.0
Dodging        | 1 2 |  2.4

Action                     |  1- 3 |  4- 6 |  7- 9 || total
---------------------------+-------+-------+-------++-------
  Melee: Trident           |    86 |       |       ||    86
         Spear             |    27 |   375 |   139 ||   541
         Headbutt          |       |    16 |    26 ||    42
    Use: Potion            |       |     6 |     2 ||     8
 Armour: Scale mail        |    39 |    55 |     6 ||   100
         Chain mail        |       |       |    69 ||    69
  Dodge: Dodged            |    40 |    49 |    64 ||   153
  Block: Buckler           |    32 |    65 |    75 ||   172

Table legend: (Time is in decaauts)
 A = Elapsed time spent in this place.
 B = Non-inter-level travel time spent in this place.
 C = Inter-level travel time spent in this place.
 D = Time resting spent in this place.
 E = Time spent auto-exploring this place.
 F = Levels seen in this place.
 G = Mean time per level.
                   A        B        C        D        E       F      G
               +--------+--------+--------+--------+--------+-----+--------+
         Total |   5178 |   4968 |    210 |    637 |   2989 |   6 |  863.0 |
       Dungeon |   4810 |   4600 |    210 |    423 |   2929 |   5 |  962.0 |
         Sewer |    368 |    368 |      0 |    214 |     60 |   1 |  368.0 |
               +--------+--------+--------+--------+--------+-----+--------+

Top non-repeatable levels by time:
     D:4: 1177 daAuts
     D:2: 1139 daAuts
     D:1: 1046 daAuts
     D:3: 945 daAuts
     D:5: 501 daAuts
   Sewer: 368 daAuts
